Map: Abyssal Reef LE

Players

JagrsMullets

  • Race: Zerg Zerg
  • Spawn Location: 5:00

A.I. 1 (Harder) - Winner!

  • Race: Terran Terran
  • Spawn Location: 11:00

VOD

Have the link to the VOD?

Description

Time

  • Played on: Dec. 25, 2017, 7:18 p.m.
  • Length: 14:23
Show
View Real Time Build Order
Export as new Build Order

JagrsMullets Zerg 

Build Orders: Pool First 

Get SALT Encoding   

  12  0:03  Drone  
  13  0:13  Overlord  
  13  0:21  Drone  
  14  0:37  Spawning Pool  
  14  0:39  Drone  
  14  1:05  Hatchery  
  14  1:09  Drone  
  14  1:16  Extractor  
  13  1:22  Overlord  
  13  1:30  Queen  
  15  1:35  Drone  
  16  1:41  Drone  
  16  1:43  Drone  
  18  1:56  Drone  
  18  2:01  Drone  
  20  2:17  Queen  
  22  2:30  Drone x3  
  22  2:35  Metabolic Boost  
  25  2:38  Zergling x4  
  27  2:44  Zergling x4  
  29  3:18  Zergling x12  
  29  3:19  Zergling x2  
  36  3:20  Overlord x2  
  36  3:29  Lair  
  36  3:55  Spine Crawler  
  35  3:56  Spine Crawler  
  35  3:59  Spine Crawler  
  33  4:15  Drone  
  33  4:16  Drone x3  
  37  4:27  Extractor  
  37  4:30  Extractor  
  35  4:42  Pneumatized Carapace  
  35  4:53  Hydralisk Den  
  35  4:57  Extractor  
  34  5:14  Zergling x10  
  34  5:15  Zergling x12  
  44  5:25  Muscular Augments  
  44  5:27  Drone  
  45  5:46  Burrow  
  45  5:50  Drone  
  45  5:51  Drone x6  
  52  6:02  Spine Crawler  
  51  6:07  Spine Crawler  
  50  6:16  Drone x2  
  52  6:21  Overlord  
  52  6:54  Infestation Pit  
  51  6:57  Drone x5  
  51  6:58  Drone x3  
  59  7:57  Overlord x3  
  59  7:58  Hatchery, Overlord x2  
  58  8:28  Drone x3  
  58  8:29  Drone x4  
  65  8:36  Hive  
  65  8:39  Lair  
  65  8:40  Drone  
  66  9:37  Extractor  
  65  9:40  Extractor  
  64  9:46  Hydralisk x5  
  64  9:47  Hydralisk x6  
  64  9:48  Hydralisk  
  50  10:22  Zergling x10  
  50  10:23  Zergling x8  
  51  10:31  Spine Crawler  
  51  10:32  Spine Crawler x2  
  51  10:33  Spine Crawler x2  
  46  10:39  Spore Crawler  
  46  10:40  Spore Crawler  
  21  11:06  Hydralisk x3  
  21  11:07  Hydralisk x3  
  33  11:21  Hydralisk x2  
  22  11:58  Zergling x6  
  22  11:59  Zergling x12  
  27  12:09  Queen  
  29  12:24  Zergling x6  
  29  12:25  Hydralisk x2, Zergling x4  
  29  12:26  Drone  
  38  12:47  Queen  
  38  12:50  Hatchery  
  39  13:03  Hydralisk x3  
  39  13:04  Hydralisk  
  47  13:53  Hydralisk  
  47  13:54  Hydralisk x3  
Show
View Real Time Build Order
Export as new Build Order

A.I. 1 (Harder) Terran - Winner!

Build Orders: MMM Bio 

Get SALT Encoding   

  12  0:00  SCV  
  13  0:13  SCV  
  14  0:18  Supply Depot  
  14  0:25  SCV  
  15  0:40  SCV  
  16  0:43  Barracks  
  16  0:52  SCV  
  17  1:04  SCV  
  18  1:18  Command Center  
  18  1:30  Marine  
  19  1:33  Orbital Command  
  19  1:39  Supply Depot  
  19  1:46  Refinery  
  19  1:48  Marine  
  20  1:59  SCV  
  21  2:02  Barracks  
  21  2:09  Refinery  
  21  2:12  SCV  
  21  2:14  Marine  
  23  2:24  SCV  
  23  2:29  Supply Depot  
  24  2:33  Barracks Tech Lab  
  24  2:41  SCV  
  25  2:48  Marine  
  25  2:50  SCV  
  27  2:54  SCV  
  27  2:58  Marine  
  28  3:02  SCV  
  30  3:06  SCV  
  30  3:07  Barracks Tech Lab  
  31  3:14  SCV  
  31  3:16  Marauder  
  31  3:17  Factory  
  31  3:18  SCV  
  35  3:24  Marine  
  35  3:26  SCV  
  37  3:30  SCV  
  37  3:31  Factory  
  38  3:47  Refinery  
  38  3:53  Refinery  
  38  4:02  Starport, Factory Tech Lab  
  38  4:07  Starport  
  38  4:14  Factory Tech Lab  
  38  4:16  Marauder  
  40  4:26  Marauder  
  40  4:29  SCV  
  43  4:32  SCV  
  43  4:37  Reaper  
  43  4:38  Supply Depot  
  45  4:41  SCV, Starport Tech Lab  
  45  4:44  Starport Tech Lab  
  45  4:45  SCV  
  47  4:47  Ghost Academy  
  47  4:53  SCV  
  47  4:57  SCV  
  47  4:59  Medivac  
  51  5:03  Stimpack  
  51  5:05  SCV  
  52  5:09  SCV  
  52  5:12  Combat Shields  
  53  5:17  SCV  
  53  5:18  Ghost  
  53  5:20  Supply Depot  
  53  5:21  SCV  
  57  5:30  SCV, Engineering Bay  
  57  5:33  SCV  
  59  5:40  Marine  
  59  5:42  SCV  
  61  5:45  SCV  
  62  5:50  Marine, Supply Depot  
  62  5:54  SCV  
  62  5:55  Terran Infantry Weapons Level 1  
  64  5:57  SCV  
  64  6:00  Marine  
  65  6:06  SCV  
  65  6:10  SCV, Marine  
  68  6:15  Supply Depot  
  68  6:18  SCV  
  69  6:20  Marine  
  69  6:22  SCV  
  71  6:30  Marine  
  71  6:31  Concussive Shells  
  72  6:37  SCV, Medivac  
  72  6:38  Supply Depot  
  75  6:41  Marauder  
  77  6:49  Missile Turret  
  77  6:51  Marauder  
  77  6:52  Missile Turret  
  79  6:54  Missile Turret  
  79  6:58  Missile Turret  
  79  7:00  SCV, Medivac  
  82  7:01  SCV  
  82  7:02  Supply Depot, Marauder  
  82  7:07  Raven  
  87  7:10  Sensor Tower  
  87  7:12  Marauder  
  87  7:14  Bunker  
  89  7:18  Armory  
  89  7:21  Barracks  
  89  7:23  Reaper  
  89  7:25  Supply Depot  
  90  7:30  Raven  
  90  7:33  Ghost  
  94  7:49  Terran Infantry Armor Level 1  
  94  8:09  Barracks Reactor  
  94  9:17  Hellion  
  96  9:21  Siege Tank  
  96  9:23  Factory, Command Center  
  99  9:26  Supply Depot  
  99  9:32  Raven  
  99  9:34  Starport, Engineering Bay  
  99  9:38  Siege Tank  
  104  9:48  Terran Infantry Weapons Level 2  
  104  9:50  Supply Depot  
  103  9:53  Hellion  
  103  9:58  Marine  
  102  10:02  Marine  
  102  10:04  Terran Infantry Armor Level 2  
  101  10:07  Marine, Factory Tech Lab  
  101  10:10  Starport Reactor  
  101  10:11  Marine  
  100  10:14  Terran Vehicle Weapons Level 1  
  100  10:15  Supply Depot  
  100  10:16  Marine  
  100  10:20  Marine  
  97  10:24  Siege Tank  
  98  10:29  Siege Tank  
  98  10:33  Marine, Raven  
  104  10:36  SCV  
  104  10:37  SCV x2, Marine  
  104  10:41  Marine  
  109  10:44  Refinery  
  109  10:46  Missile Turret, Siege Tank  
  109  10:48  SCV  
  109  10:49  SCV x2  
  115  10:56  Siege Tank  
  118  11:01  Siege Tank  
  121  11:06  SCV x2  
  121  11:08  Missile Turret  
  121  11:10  Refinery  
  123  11:13  Missile Turret  
  125  11:18  Hellion  
  125  11:19  Fusion Core  
  125  11:23  Marine  
  125  11:25  Armory  
  125  11:27  Marine  
  125  11:29  Bunker  
  125  11:31  Marine  
  123  11:36  Siege Tank  
  124  11:40  Infernal Pre-Igniter  
  124  11:41  Hellion  
  124  11:43  Medivac  
  124  11:46  Medivac  
  124  11:54  Raven  
  114  12:06  Raven  
  116  12:09  Terran Ship Weapons Level 1  
  116  12:13  Terran Vehicle And Ship Armor Level 1  
  116  12:23  Command Center  
  116  13:07  Marine  
  116  13:10  Marine, Supply Depot  
  118  13:13  Marine  
  118  13:16  Marine  
  118  13:19  Siege Tank  
  123  13:22  Siege Tank  
  123  13:24  Thor  
  131  13:36  SCV  
  132  13:45  Refinery  
  132  13:47  Missile Turret  
  132  13:50  Missile Turret  
  132  13:51  Refinery  
  132  13:58  Hellion  
  132  14:01  Hellion  
  131  14:03  Marine  
  132  14:10  Bunker  
Tags
 
Composition
MMM Bio
Matchup
TvZ
Opening
Pool First
Spawn Locations
Cross Positions
Add a new tag
Caveats
  • Supply blocks, unpowered buildings, or Contaminate may cause inaccurate times.
  • Supply counts are checked every 10 seconds.